 Dungeon Crawl Stone Soup version 0.31-a0-345-g1ebeae05c6 (webtiles) character file.

Game seed: 12298729818891760396

1970 Pooter the Ruffian (level 9, 0/88 HPs)
             Began as an Ogre Shapeshifter on July 23, 2023.
             Was an Initiate of Okawaru.
             Shot with an arrow by a centaur (11 damage)
             ... on level 6 of the Dungeon.
             The game lasted 00:42:00 (6627 turns).

Pooter the Ruffian (Ogre Shapeshifter)              Turns: 6627, Time: 00:42:01

Health: 0/88       AC:  3    Str: 25    XL:     9   Next: 20%
Magic:  10/10      EV:  9    Int:  9    God:    Okawaru [......]
Gold:   163        SH:  0    Dex:  9    Spells: 6/8 levels left

rFire   . . .        b - +0 orcbow
rCold   . . .        (shield currently unavailable)
rNeg    . . .        a - +0 animal skin
rPois   .            (helmet currently unavailable)
rElec   .            (cloak currently unavailable)
rCorr   +            (gloves unavailable)
SInv    +            (boots unavailable)
Will    .....        q - amulet of regeneration
Stlth   +            C - ring of resist corrosion
HPRegen 1.14/turn    S - ring of see invisible
MPRegen 0.12/turn

%: no passive effects
@: beast-form
A: beast (slay +3), large, unfitting armour, tough skin 1
a: Begin Untransformation, Renounce Religion


You were on level 6 of the Dungeon.
You worshipped Okawaru.
Okawaru was noncommittal.
You were a hulking beast.
You visited 2 branches of the dungeon, and saw 7 of its levels.
You also visited: Sewer.

You collected 310 gold pieces.
You spent 147 gold pieces at shops.

Inventory:

Hand Weapons
 b - a +0 orcbow (weapon)
   (You found it on level 2 of the Dungeon)
 i - a +2 heavy flail
   (You took it off Edmund on level 6 of the Dungeon)
 v - a +0 hand axe
   (You took it off an orc on level 3 of the Dungeon)
 D - a +3 short sword
   (You found it on level 1 of the Dungeon)
 E - a +2 flail of holy wrath
   (You took it off an orc on level 5 of the Dungeon)
 H - a +0 trident
   (You found it on level 5 of the Dungeon)
Missiles
 k - 4 javelins
 p - 20 poisoned darts
 w - 3 throwing nets {!f}
 F - a boomerang
 Q - 72 stones
Armour
 a - a +0 animal skin (worn)
Magical Staves
 y - a staff of conjuration {!a}
   (You found it on level 3 of the Dungeon)
Jewellery
 e - a ring of fire
   (You found it on level 1 of the Dungeon)
 q - an amulet of regeneration (around neck)
   (You found it on level 2 of the Dungeon)
 C - a ring of resist corrosion (left hand)
   (You found it on level 1 of the Dungeon)
 S - a ring of see invisible (right hand)
   (You found it on level 1 of the Dungeon)
Talismans
 c - a beast talisman
 K - a blade talisman
   (You found it on level 6 of the Dungeon)
Wands
 f - a wand of flame (11)
   (You bought it in a shop on level 6 of the Dungeon)
 s - a wand of roots (7)
   (You found it on level 4 of the Dungeon)
 x - a wand of acid (5)
   (You took it off a kobold on level 4 of the Dungeon)
Scrolls
 d - 2 scrolls of noise {unknown}
 h - a scroll of poison {unknown}
 m - a scroll of immolation {!r}
 n - 4 scrolls of amnesia
 t - 3 scrolls of teleportation {@r4}
 u - 2 scrolls of fog {unknown}
 z - a scroll of enchant armour
 B - a scroll of fear {unknown}
 L - a scroll of torment {unknown}
Potions
 g - 2 potions of ambrosia
 j - 4 potions of mutation {unknown}
 l - 3 potions of attraction {unknown}
 o - 2 potions of enlightenment {unknown}
 r - 2 potions of resistance {unknown}
 A - 4 potions of haste {@q3}
 G - a potion of might {unknown}
 I - 3 potions of invisibility {unknown}
 J - a potion of cancellation {unknown}
 M - a potion of magic {unknown}


   Skills:
 + Level 5.6 Fighting
 * Level 2.9 Ranged Weapons
 - Level 1.7 Dodging
 * Level 6.0 Unarmed Combat
 + Level 2.6 Conjurations
 + Level 2.6 Hexes
 + Level 2.5 Ice Magic
 + Level 1.6 Invocations
 + Level 5.6 Shapeshifting


You had 6 spell levels left.
You knew the following spells:

 Your Spells              Type           Power      Damage    Failure   Level
a - Ensorcelled Hibernat  Hex/Ice        8%         N/A       22%         2

Your spell library contained the following spells:

 Spells                   Type           Power      Damage    Failure   Level
 Necrotise                Necr           0%         1d4       38%         1
 Dazzling Flash           Conj/Hex       8%         N/A       38%         3
 Passwall                 Tmut/Erth      0%         N/A       52%         2
 Inner Flame              Hex/Fire       2%         N/A       58%         3
 Swiftness                Air            0%         N/A       77%         3
 Vampiric Draining        Necr           0%         2d6       77%         3
 Volatile Blastmotes      Fire/Tloc      0%         2d10      77%         3
 Agony                    Necr           0%         N/A       100%        5
 Yara's Violent Unravell  Hex/Tmut       1%         3d3       100%        5
 Starburst                Conj/Fire      1%         6d3       100%        6
 Enfeeble                 Hex            2%         N/A       100%        7
 Maxwell's Capacitive Co  Air            0%         ∞         100%        8


Dungeon Overview and Level Annotations

Branches:
Dungeon (6/15) Zot: 25102  Temple (1/1) D:4 Zot: 5955   Sewer (visited)

Altars:
Ashenzari
Cheibriados
Dithmenos
Elyvilon
Fedhas
Gozag
Hepliaklqana
Kikubaaqudgha
Makhleb
Okawaru
Ru
Trog
Uskayaw
Vehumet
Wu Jian
Xom
Yredelemnul
Zin
The Shining One

Shops:
D:4 =   D:6 *[*[

Annotations:
D:3 3 runed translucent doors, olmar's ghost, amateur DsSh


Innate Abilities, Weirdness & Mutations

You are a hulking beast.
Your limbs bulge with bestial killing power. (Slay +3)
You are too large for most types of armour.
You have tough skin. (AC +1)


Message History

The arrow closely misses you.
The centaur shoots an arrow.
The arrow barely misses you.
You shoot an arrow. The arrow hits the centaur!
The centaur shoots an arrow.
The arrow hits you!
The centaur shoots an arrow.
The arrow hits you.
The centaur shoots an arrow.
The arrow hits you.
The centaur shoots an arrow.
The arrow barely misses you.
The centaur shoots an arrow.
The arrow hits you!
* * * LOW HITPOINT WARNING * * *
The centaur shoots an arrow.
The arrow closely misses you.
You hear a shout!
Fire: b) +0 orcbow
Press: ? - help, Q - select action, (/) - cycle Shift-Dir - straight line, f/p - centaur
Aim: a centaur, wielding a +0 shortbow (almost dead, 73% to hit)
You shoot an arrow. The arrow hits the centaur!
You kill the centaur!
Okawaru accepts your kill.
The centaur shoots an arrow.
The arrow hits you!!
* * * LOW HITPOINT WARNING * * *
The centaur shoots an arrow.
The arrow hits you!
* * * LOW HITPOINT WARNING * * *
The centaur shoots an arrow.
The arrow hits you.
* * * LOW HITPOINT WARNING * * *
The centaur shoots an arrow.
The arrow hits you.
* * * LOW HITPOINT WARNING * * *
You start resting.
You feel like a meek peon again.
You start resting.
You start resting.
You shoot an arrow. The arrow barely misses the centaur.
You shoot an arrow. The arrow closely misses the centaur.
The centaur shoots an arrow.
The arrow hits you!
The centaur shoots an arrow.
The arrow hits you!
You shoot an arrow. The arrow hits the centaur.
The centaur shoots an arrow.
The arrow hits you!
The centaur shouts!
You shoot an arrow. The arrow barely misses the centaur.
The arrow hits the centaur but does no damage.
The centaur shoots an arrow.
The arrow hits you.
The centaur shoots an arrow.
The arrow hits you.
The centaur shoots an arrow.
The arrow hits you!
The centaur shoots an arrow.
The arrow hits you!
* * * LOW HITPOINT WARNING * * *
Fire: b) +0 orcbow
Press: ? - help, Q - select action, (/) - cycle Shift-Dir - straight line, f/p - centaur
Aim: a centaur, wielding a +0 shortbow (lightly wounded, 68% to hit)
You shoot an arrow. The arrow hits the centaur.
The centaur shoots an arrow.
The arrow hits you!
* * * LOW HITPOINT WARNING * * *
The centaur shoots an arrow.
The arrow hits you!
* * * LOW HITPOINT WARNING * * *
The centaur shoots an arrow.
The arrow hits you!
You die...

##### ######
##...####################
.....###.###....h..............#
####.##.## ##.####.#####≈≈≈≈##.#
........# #.# #..# ≈≈≈≈≈≈...
####....# #.####≈≈≈≈≈≈≈≈≈≈≈≈≈≈ #
#####.###.#.≈≈≈≈≈≈≈≈≈≈≈≈≈≈≈≈≈
#.>.# ≈≈≈≈≈≈≈≈cc≈≈≈≈≈≈≈≈≈ #.#
≈≈≈≈≈≈c)....≈≈≈≈≈≈≈
#.###≈≈≈≈≈c.......≈≈≈≈≈≈
#.##.≈≈≈≈≈c.. '#..≈≈≈≈≈≈


You could see 2 centaurs.

Vanquished Creatures
  Grinder (D:5)
  Edmund (D:6)
  2 ogres
  A sky beast (D:6)
  An ice beast (D:5)
  2 centaurs (D:6)
  A kobold brigand (Sewer)
  3 scorpions
  2 howler monkeys
  An orc priest (D:3)
  5 hounds
  2 jellies
  2 sleepcaps
  2 iguanas
  6 orc wizards
  4 gnolls (D:3)
  14 adders
  8 river rats (Sewer)
  A white imp (D:6)
  An ufetubus (D:6)
  A worm (D:4)
  A dart slug (D:5)
  12 orcs
  6 endoplasms
  5 giant cockroaches
  3 goblins
  6 hobgoblins
  6 jackals (D:1)
  14 kobolds
  2 quokkas
  8 ball pythons
  5 bats
  3 frilled lizards (Sewer)
  19 rats
151 creatures vanquished.

Notes
Turn   | Place    | Note
-------+----------+-------------------------------------------
     0 | D:1      | Pooter the Ogre Shapeshifter began the quest for the Orb.
     0 | D:1      | Reached XP level 1. HP: 19/19 MP: 1/1
    87 | D:1      | Reached XP level 2. HP: 26/28 MP: 2/2
   176 | D:1      | Reached skill level 3 in Unarmed Combat
   764 | D:2      | Reached XP level 3. HP: 35/35 MP: 3/3
   781 | D:2      | Identified the +0 ring mail of the Final Violins {rF++
                  | Regen+ MP+9 Str-2}
  1060 | D:2      | Reached XP level 4. HP: 34/44 MP: 4/4
  1339 | D:2      | Found a sacrificial altar of Ru.
  1677 | D:3      | Reached XP level 5. HP: 22/52 MP: 5/5
  1774 | D:3      | Found a blossoming altar of Fedhas.
  1853 | D:3      | Found a faded altar of an unknown god.
  1888 | D:3      | Found a radiant altar of Vehumet.
  2490 | D:3      | Found a runed translucent gate.
  2490 | D:3      | Found a runed translucent gate.
  2490 | D:3      | Found a runed translucent gate.
  2491 | D:3      | Noticed olmar's ghost (amateur DsSh)
  2491 | D:3      | Noticed a kobold brigand
  2665 | D:4      | Reached skill level 4 in Unarmed Combat
  2667 | D:4      | Reached XP level 6. HP: 46/61 MP: 6/6
  2671 | D:4      | Reached skill level 1 in Ranged Weapons
  2729 | D:4      | Learned a level 2 spell: Ensorcelled Hibernation
  2885 | D:4      | Found Weblokoc's Jewellery Emporium.
  2906 | D:4      | Reached XP level 7. HP: 49/68 MP: 7/7
  3099 | D:4      | Found a staircase to the Ecumenical Temple.
  3109 | Temple   | Entered the Ecumenical Temple
  3131 | Temple   | Became a worshipper of Warmaster Okawaru
  3296 | D:4      | Found a glowing golden altar of the Shining One.
  3438 | D:5      | Entered Level 5 of the Dungeon
  3450 | D:5      | Reached skill level 1 in Conjurations
  3450 | D:5      | Reached skill level 1 in Ice Magic
  3454 | D:5      | Reached skill level 1 in Hexes
  3461 | D:5      | Found a glowing drain.
  3497 | Sewer    | Entered a sewer
  3694 | Sewer    | Reached skill level 5 in Unarmed Combat
  3764 | Sewer    | Reached skill level 5 in Shapeshifting
  3778 | Sewer    | Reached XP level 8. HP: 64/79 MP: 8/8
  4169 | D:5      | Noticed Grinder
  4187 | D:5      | Killed Grinder
  4187 | D:5      | Reached * piety under Okawaru
  4293 | D:5      | Reached skill level 5 in Fighting
  4751 | D:6      | Found Jatal's Assorted Antiques.
  4771 | D:6      | Bought a scroll labelled COISAEFIAS for 25 gold pieces
  4771 | D:6      | Bought a viscous silvery potion for 22 gold pieces
  4771 | D:6      | Bought a blackened ivory wand for 100 gold pieces
  4934 | D:6      | Found Xorigied's Antique Armour Emporium.
  5061 | D:6      | Reached ** piety under Okawaru
  5062 | D:6      | Reached skill level 1 in Invocations
  5205 | D:6      | Noticed Edmund
  5216 | D:6      | Killed Edmund
  5217 | D:6      | Reached XP level 9. HP: 43/88 MP: 6/9
  5316 | D:6      | Found Seimihuh's Antique Armour Emporium.
  5337 | D:6      | Found Xamiug's Elemental Accessories.
  6369 | D:6      | Reached skill level 6 in Unarmed Combat
  6627 | D:6      | Shot with an arrow by a centaur

Illustrated notes

Levels and vault maps discovered:
D:1:      dpeg_arrival_renting, layout_loops_ring
D:2:      layout_loops_cross, basic_altar, hangedman_decor_riveting
D:3:      layout_rooms, fedhas_altar_3, mainiacjoe_overflow_paths,
          basic_ecumenical_altar, gammafunk_ghost_nasty_kobolds
D:4:      layout_rooms, tso_metal_star, minmay_temple_entry_junction_2,
          serial_shops, nicolae_shop_advertising_works
          [nicolae_subvault_shop_adworks], minmay_a_box_with_orc_wizards_in_it
D:5:      layout_cave_pools, gup_sewer_entry_glass, patterned_corridor,
          uniq_grinder
D:6:      layout_loops_ring, serial_shops, shop, nicolae_shop_dealshenge,
          shop_fountains, nicolae_elemental_shop, centaur_isle, uniq_edmund
Temple:   kb_temple_of_zot

Skill      XL: |  1  2  3  4  5  6  7  8  9 |
---------------+----------------------------+-----
Unarmed Combat | 3 4 5 6 |  6.0
Fighting       | 2 3 4 5 |  5.6
Shapeshifting  | 4 5 |  5.6
Ranged Weapons | 1 2 |  2.9
Conjurations   | 1 2 |  2.6
Ice Magic      | 1 2 |  2.5
Hexes          | 1 2 |  2.6
Invocations    | 1 |  1.6
Dodging        | |  1.7

Action                     |  1- 3 |  4- 6 |  7- 9 || total
---------------------------+-------+-------+-------++-------
  Melee: Unarmed           |    55 |    86 |   141 ||   282
         Punch             |     1 |     4 |     6 ||    11
   Fire: Orcbow            |       |    73 |   161 ||   234
  Throw: Javelin           |     2 |     3 |     4 ||     9
         Dart              |       |       |     2 ||     2
 Invoke: Heroism           |       |       |     6 ||     6
  Evoke: Wand              |       |     4 |     4 ||     8
    Use: Scroll            |       |     3 |     3 ||     6
         Potion            |       |       |     1 ||     1
 Armour: Animal skin       |    11 |    50 |    34 ||    95
         Skin              |       |       |    12 ||    12
  Dodge: Dodged            |    22 |    57 |   150 ||   229
         Form:             |     1 |       |       ||     1
         Beast             |     1 |       |       ||     1

Table legend: (Time is in decaauts)
 A = Elapsed time spent in this place.
 B = Non-inter-level travel time spent in this place.
 C = Inter-level travel time spent in this place.
 D = Time resting spent in this place.
 E = Time spent auto-exploring this place.
 F = Levels seen in this place.
 G = Mean time per level.
                   A        B        C        D        E       F      G
               +--------+--------+--------+--------+--------+-----+--------+
         Total |   6661 |   6558 |    103 |   2208 |   2998 |   8 |  832.6 |
       Dungeon |   5950 |   5868 |     82 |   2108 |   2643 |   6 |  991.7 |
        Temple |     44 |     23 |     21 |      0 |      0 |   1 |   44.0 |
         Sewer |    665 |    665 |      0 |    100 |    355 |   1 |  665.0 |
               +--------+--------+--------+--------+--------+-----+--------+

Top non-repeatable levels by time:
     D:6: 1868 daAuts
     D:2: 910 daAuts
     D:3: 875 daAuts
     D:4: 862 daAuts
     D:1: 754 daAuts
     D:5: 678 daAuts
   Sewer: 665 daAuts
  Temple: 44 daAuts
